AoeStats
← gatoandaluz

Black Forest

505086685Analyzed
1v1 RM · 25d ago on Sep 7, 2026· 102m 14s· 2 players
Game mode
Random Map
Map size
Tiny (2 player)
Population
200
Speed
Normal
Resources
Standard
Victory
Conquest
Starting age
Dark Age
Ending age
Imperial Age
RankedLock teamsTeams togetherTeam positionsShared explorationLock speedFull tech treeHidden civsTurbo modeCheats
Victory
Defeat
🇪🇸 Spanish · Spain
270
+14
🇩🇪 Magyars · Germany
236
-14
djangouncut
9:12 Loom
12:01 Feudal Age
12:26 Horse Collar
12:42 Double-Bit Axe
17:08 Scale Barding Armor
17:03 Town Watch
20:16 Wheelbarrow
22:42 Castle Age
21:12 Stone Mining
21:13 Gold Mining
22:26 Bloodlines
24:15 Bow Saw
24:08 Heavy Plow
24:17 Husbandry
25:37 Light Cavalry
27:38 Chain Barding Armor
28:23 Gold Shaft Mining
31:32 Herbal Medicine
33:56 Ballistics
33:26 Treadmill Crane
33:43 Heated Shot
33:49 Guard Tower
37:57 Wheelbarrow
37:23 Town Patrol
39:56 Imperial Age
39:07 Hand Cart
43:08 Cavalier
45:42 Plate Barding Armor
45:47 Crop Rotation
46:22 Two-Man Saw
45:59 Paladin
46:59 Hussar
50:55 Chemistry
60:37 Theocracy
72:26 Heavy Scorpion
72:31 Onager
74:49 Corvinian Army
74:58 Recurve Bow
81:53 Capped Ram
gatoandaluz
18:37 Feudal Age
21:30 Double-Bit Axe
27:37 Castle Age
25:48 Stone Mining
25:50 Gold Mining
29:08 Bow Saw
30:17 Wheelbarrow
29:28 Town Watch
31:22 Stone Shaft Mining
31:23 Guard Tower
31:14 Light Cavalry
32:05 Bloodlines
33:14 Hand Cart
33:32 Scale Barding Armor
38:06 Imperial Age
39:54 Chemistry
39:29 Keep
39:23 Ballistics
40:36 Two-Man Saw
39:20 Pikeman
39:45 Gambesons
43:00 Cavalier
43:41 Husbandry
43:32 Man-at-Arms
45:13 Conscription
45:13 Elite Skirmisher
45:59 Thumb Ring
47:37 Forging
47:27 Scale Mail Armor
47:28 Padded Archer Armor
47:18 Fletching
47:50 Chain Barding Armor
46:54 Long Swordsman
47:32 Two-Handed Swordsman
49:59 Champion
50:12 Halberdier
51:22 Chain Mail Armor
51:42 Iron Casting
54:59 Blast Furnace
54:29 Plate Mail Armor
56:37 Fortified Wall
67:25 Hussar
102:50 Squires
102:35 Arson
Connection lost

Rejoining the realm…

Still unreachable

The connection could not be restored.

Session expired

The server has moved on; the page needs a fresh start.